 Dungeon Crawl Stone Soup version 0.30.0 (webtiles) character file.

Game seed: 6463324858442316150

57 mezmerelda the Magician (level 3, -3/31 HPs)
             Began as a Troll Hedge Wizard on Oct 9, 2023.
             Slain by a gnoll
             ... wielding a +0 halberd
              (9 damage)
             ... on level 2 of the Dungeon.
             The game lasted 00:04:29 (795 turns).

mezmerelda the Magician (Troll Hedge Wizard)         Turns: 795, Time: 00:04:30

Health: -3/31      AC:  4    Str: 18    XL:     3   Next: 73%
Magic:  5/5        EV: 10    Int: 12    God:
Gold:   94         SH:  0    Dex: 15    Spells: 5/6 levels left

rFire   . .          .
                       - Unarmed
rCold   . . .        (no shield)
rNeg    . . .        b - +0 robe
rPois   .            c - +0 hat
rElec   .            (no cloak)
rCorr   .            (gloves unavailable)
SInv    .            (boots unavailable)
Will    .....        (no amulet)
Stlth   ++           e - +6 ring of dexterity
HPRegen 1.05/turn    (no ring)
MPRegen 0.09/turn

%: no passive effects
@: no status effects
A: large, unfitting armour, claws 3, regeneration 1, shaggy fur 1, tough skin 1
a: no special abilities


You were on level 2 of the Dungeon.
You visited 1 branch of the dungeon, and saw 2 of its levels.

You collected 94 gold pieces.

Inventory:

Hand Weapons
 a - a +2 dagger of draining
Armour
 b - a +0 robe (worn)
 c - a +0 hat (worn)
Magical Staves
 k - a staff of air
Jewellery
 e - a +6 ring of dexterity (left claw)
Scrolls
 f - a scroll of vulnerability {unknown}
 h - a scroll of summoning {unknown}
 j - a scroll of teleportation {unknown}
 l - 2 scrolls of identify {unknown}
 m - a scroll of noise {unknown}
Potions
 d - a potion of magic
 g - a potion of mutation {unknown}
 i - a potion of haste {unknown}
 n - a potion of degeneration {unknown}


   Skills:
 - Level 1.8 Dodging
 - Level 1.1 Stealth
 + Level 1.5 Unarmed Combat
 + Level 2.3 Spellcasting
 - Level 0.9 Conjurations
 - Level 1.0 Summonings
 - Level 1.0 Translocations


You had 5 spell levels left.
You knew the following spells:

 Your Spells              Type           Power      Damage    Failure   Level
a - Magic Dart            Conj           12%        1d3       19%         1

Your spell library contained the following spells:

 Spells                   Type           Power      Damage    Failure   Level
 Slow                     Hex            4%         N/A       26%         1
 Blink                    Tloc           6%         N/A       26%         2
 Call Imp                 Summ           6%         N/A       26%         2
 Cigotuvi's Dreadful Rot  Necr/Pois/Air  2%         N/A       36%         2
 Stone Arrow              Conj/Erth      4%         3d7       54%         3
 Mephitic Cloud           Conj/Pois/Air  2%         N/A       56%         3
 Animate Armour           Summ/Erth      4%         N/A       91%         4
 Lehudib's Crystal Spear  Conj/Erth      1%         10d2      100%        8


Dungeon Overview and Level Annotations

Branches:
Dungeon (2/15)

Altars:


Innate Abilities, Weirdness & Mutations

You are too large for most types of armour.
You have claws for hands.
Your natural rate of healing is unusually fast.
You are covered in fur. (AC +1)
You have tough skin. (AC +1)


Message History

The goblin misses you.
You claw the goblin!
You kill the goblin!
Found a dagger.
l - 2 scrolls labelled ELADOU ZOEXIUNN (gained 1)
Things that are here:
a +0 trident; a goblin corpse A quokka comes into view.
Found a scroll labelled KOXKAI JUUFEA.
The helpless quokka fails to defend itself.
You scratch the quokka.
You kill the quokka!
A gnoll comes into view. It is wielding a +0 flail.
You see here a viscous purple potion.
n - a viscous purple potion A gnoll comes into view.
It is wielding a +0 whip of flaming.
The gnoll shouts! x2; You hear a shout!
The gnoll attacks as you move away! The gnoll hits you but does no damage.
A gnoll comes into view. It is wielding a +0 halberd.
You scratch the gnoll.
The gnoll is moderately wounded.
The gnoll hits you with a +0 whip of flaming.
The gnoll burns you.
You claw the gnoll!
You kill the gnoll!
You scratch the gnoll.
The gnoll is heavily wounded.
The gnoll hits you but does no damage.
The gnoll hits you from afar with a +0 halberd.
You barely miss the gnoll.
The gnoll is heavily wounded.
The gnoll hits you with a +0 flail.
The gnoll hits you from afar with a +0 halberd!
* * * LOW HITPOINT WARNING * * *
You scratch the gnoll but do no damage.
The gnoll is heavily wounded.
The gnoll hits you with a +0 flail.
* * * LOW HITPOINT WARNING * * *
The gnoll hits you from afar with a +0 halberd!
You die...

.............####.
..............[..J..
...##...)##....#.#.#
.#...............#.#
#..........###..#.#
..#....##..# #...###
.#...#..†..# #....#
..[###.....#####..#
... ##.#...#..g@.#
.. ..).......g####
..#.....##..#
.........###.#
?.##.....# g..
...#.... ####
........# ....##...
.. ##.


You could see 2 gnolls.

Vanquished Creatures
  A gnoll (D:2)
  2 adders (D:2)
  2 dart slugs (D:1)
  4 endoplasms
  A hobgoblin (D:1)
  3 quokkas
  4 bats
  2 frilled lizards
  3 goblins
  2 kobolds (D:1)
  2 rats (D:1)
26 creatures vanquished.

Notes
Turn   | Place    | Note
-------+----------+-------------------------------------------
     0 | D:1      | mezmerelda the Troll Hedge Wizard began the quest for the
                  | Orb.
     0 | D:1      | Reached XP level 1. HP: 16/16 MP: 2/2
   219 | D:1      | Reached XP level 2. HP: 24/24 MP: 4/4
   272 | D:1      | Reached skill level 1 in Summonings
   329 | D:1      | Reached skill level 1 in Translocations
   735 | D:2      | Reached XP level 3. HP: 23/31 MP: 5/5
   751 | D:2      | Reached skill level 1 in Unarmed Combat
   795 | D:2      | Slain by a gnoll

Illustrated notes

Levels and vault maps discovered:
D:1:      lemuel_arrival_rhombus, layout_loops_ring
D:2:      layout_rooms

Skill      XL: |  1  2  3 |
---------------+----------+-----
Summonings     | 1 |  1.0
Translocations | 1 |  1.0
Unarmed Combat | 1 |  1.5
Dodging        | |  1.8
Stealth        | |  1.1
Spellcasting   | |  2.3
Conjurations   | |  0.9

Action                     || total
---------------------------++-------
  Melee: Unarmed           ||    72
   Stab: Sleeping          ||     4
 Armour: Robe              ||    24
  Dodge: Dodged            ||    24
